AoeStats
← veron no se rindió

Black Forest

507845072Analyzed
2v2 RM · 14d ago on Sep 19, 2026· 60m 29s· 4 players
Game mode
Random Map
Map size
Medium (4 player)
Population
200
Speed
Normal
Resources
Standard
Victory
Conquest
Starting age
Dark Age
Ending age
Imperial Age
RankedLock teamsTeams togetherTeam positionsShared explorationLock speedFull tech treeHidden civsTurbo modeCheats
Victory
Defeat
🇨🇴 Magyars · Colombia
786
+11
🇨🇴 Turks · Colombia
739
+12
🇦🇷 Turks · Argentina
680
-12
🇨🇦 Persians · Canada
660
-11
veron no se rindió
3:14 Loom
14:44 Feudal Age
15:42 Double-Bit Axe
15:39 Horse Collar
21:39 Castle Age
21:33 Forging
21:16 Gold Mining
21:19 Stone Mining
24:18 Heavy Plow
25:24 Bow Saw
28:03 Gold Shaft Mining
28:44 Wheelbarrow
34:31 Imperial Age
33:51 Ballistics
38:46 Heavy Scorpion
40:28 Two-Man Saw
39:48 Scale Mail Armor
40:24 Iron Casting
43:53 Fortified Wall
46:26 Heavy Camel Rider
46:37 Heavy Cavalry Archer
47:43 Parthian Tactics
51:16 Sipahi
Ceffenberg88
0:27 Loom
13:29 Feudal Age
14:39 Wheelbarrow
13:48 Horse Collar
14:52 Double-Bit Axe
21:16 Castle Age
19:37 Stone Mining
26:36 Heavy Plow
28:43 Gold Mining
31:29 Bow Saw
32:18 Gold Shaft Mining
32:19 Stone Shaft Mining
32:17 Hand Cart
33:14 Pikeman
33:54 Squires
33:40 Arson
34:08 Elite Skirmisher
34:27 Crossbowman
35:12 Thumb Ring
35:12 Scale Mail Armor
35:22 Forging
35:13 Padded Archer Armor
36:07 Husbandry
36:17 Bloodlines
36:01 Town Watch
39:18 Imperial Age
37:51 Scale Barding Armor
38:22 Iron Casting
37:38 Fletching
38:03 Leather Archer Armor
38:03 Chain Mail Armor
38:27 Town Patrol
38:23 Gambesons
37:59 Man-at-Arms
38:00 Light Cavalry
39:24 Coinage
38:54 Caravan
39:56 Parthian Tactics
39:59 Guilds
39:17 Cavalier
40:32 Crop Rotation
41:03 Two-Man Saw
40:44 Banking
40:42 Chain Barding Armor
40:18 Bodkin Arrow
42:08 Two-Man Saw
40:43 Heavy Camel Rider
42:38 Hoardings
41:34 Sappers
42:24 Conscription
42:15 Citadels
42:05 Kamandaran
44:29 Chemistry
43:49 Ballistics
43:42 Masonry
43:58 Heated Shot
44:29 Ballistics
44:42 Plate Mail Armor
44:07 Onager
44:27 Long Swordsman
47:50 Kamandaran
48:13 Savar
Stkk6995
11:42 Feudal Age
13:09 Horse Collar
14:48 Double-Bit Axe
21:17 Castle Age
22:30 Bow Saw
23:04 Gold Mining
23:06 Stone Mining
23:48 Heavy Plow
25:07 Forging
29:39 Gold Shaft Mining
31:13 Wheelbarrow
34:50 Iron Casting
34:09 Fletching
34:19 Padded Archer Armor
34:25 Scale Barding Armor
35:13 Hand Cart
36:53 Thumb Ring
37:27 Sipahi
39:00 Leather Archer Armor
39:11 Chain Barding Armor
44:11 Imperial Age
45:19 Ballistics
46:45 Elite Janissary
47:31 Cavalier
49:58 Bloodlines
49:49 Husbandry
51:53 Plate Barding Armor
52:20 Blast Furnace
51:50 Ring Archer Armor
51:24 Scale Mail Armor
52:48 Masonry
ArimaMVP
10:53 Feudal Age
16:55 Castle Age
16:03 Horse Collar
16:21 Double-Bit Axe
20:36 Bow Saw
24:14 Heavy Plow
25:20 Bloodlines
25:39 Fletching
27:06 Wheelbarrow
27:23 Bodkin Arrow
29:15 Hand Cart
30:41 Padded Archer Armor
31:05 Thumb Ring
31:57 Loom
33:23 Leather Archer Armor
36:01 Imperial Age
33:23 Loom
34:54 Town Watch
35:56 Ballistics
38:43 Chemistry
37:47 Bracer
38:18 Ring Archer Armor
37:13 Heavy Cavalry Archer
38:21 Parthian Tactics
43:13 Scale Barding Armor
43:52 Recurve Bow
44:15 Conscription
44:18 Chain Barding Armor
43:29 Elite Magyar Huszar
45:04 Town Patrol
45:27 Corvinian Army
51:00 Plate Barding Armor
Connection lost

Rejoining the realm…

Still unreachable

The connection could not be restored.

Session expired

The server has moved on; the page needs a fresh start.